 Dungeon Crawl Stone Soup version 0.20.1-1-g8b1a95d (webtiles) character file.

1279 equalderp2856 the Cleaver (level 8, 0/68 HPs)
             Began as a Minotaur Fighter on Oct 23, 2017.
             Slain by a scorpion (7 damage)
             ... on level 6 of the Dungeon.
             The game lasted 00:07:38 (5162 turns).

equalderp2856 the Cleaver (Minotaur Fighter)        Turns: 5162, Time: 00:07:39

Health: 0/68       AC:  9    Str: 20    XL:     8   Next: 29%
Magic:  7/7        EV:  8    Int:  5    God:
Gold:   204        SH: 10    Dex: 13    Spells: 7/7 levels left

rFire    . . .     SeeInvis .   a - +0 war axe
rCold    . . .     Gourm    .   c - +0 shield
rNeg     . . .     Faith    .   b - +0 scale mail
rPois    .         Spirit   .   (helmet restricted)
rElec    .         Reflect  .   (no cloak)
rCorr    .         Harm     .   o - +1 pair of gloves
MR       .....                  (no boots)
Stlth    ..........             (no amulet)
Regen    0.3/turn               (no ring)
MPRegen  0.1/turn               (no ring)

@: drained
A: retaliatory headbutt, horns 2
a: no special abilities


You were on level 6 of the Dungeon.
You were very hungry.

You visited 1 branch of the dungeon, and saw 6 of its levels.

You collected 204 gold pieces.

Inventory:

Hand Weapons
 a - a +0 war axe (weapon)
 A - a +5 trident
Armour
 b - a +0 scale mail (worn)
 c - a +0 shield (worn)
 o - a +1 pair of gloves (worn)
 r - a +0 pair of gloves
Jewellery
 t - an uncursed ring of flight {unknown}
 u - a +4 ring of protection {unknown}
 w - a cursed -2 ring of dexterity {unknown}
Wands
 y - a wand of disintegration (14/24)
 B - a wand of enslavement (1/24)
 C - a wand of flame (29/48)
Scrolls
 e - 6 scrolls of amnesia {unknown}
 g - 4 scrolls of identify {unknown}
 k - 4 scrolls of teleportation {unknown}
 m - 3 scrolls of immolation {unknown}
 q - 5 scrolls of remove curse {unknown}
 x - a scroll of fear {unknown}
 z - a scroll of enchant armour {unknown}
 D - a scroll of enchant weapon {unknown}
Potions
 d - 2 potions of might
 i - a potion of agility {unknown}
 j - 2 potions of heal wounds {unknown}
 n - a potion of lignification {unknown}
 p - 2 potions of curing
 v - a potion of cancellation {unknown}
Comestibles
 f - 4 bread rations
 h - 5 meat rations
 l - 4 fruits
 s - 2 royal jellies


   Skills:
 + Level 5.3(4.4) Fighting
 + Level 8.0(7.1) Axes
 + Level 1.2(4.2) Polearms
 + Level 6.4(5.4) Armour
 + Level 2.4(1.6) Dodging
 + Level 0.8(0.0) Stealth
 + Level 6.4(5.5) Shields


You had 7 spell levels left.
You didn't know any spells.

Dungeon Overview and Level Annotations

Branches:
Dungeon (6/15)             Temple (0/1) D:5

Altars:
Makhleb
Nemelex Xobeh
Trog
Uskayaw
Zin
The Shining One

Shops:
D:5 %


Innate Abilities, Weirdness & Mutations

You reflexively headbutt those who attack you in melee.
You have a pair of horns on your head.


Message History

The orc warrior is severely wounded.
You hit the scorpion but do no damage. You block the orc warrior's attack.
You block the scorpion's attack.
You closely miss the orc warrior.
The orc warrior is severely wounded.
You closely miss the scorpion.
The orc warrior hits you with a war axe!
* * * LOW HITPOINT WARNING * * *
You block the scorpion's attack.
Unknown command.
You feel better. The scorpion stings you.
* * * LOW HITPOINT WARNING * * *
The orc warrior hits you with a war axe!
* * * LOW HITPOINT WARNING * * *
Unknown command.
You barely miss the orc warrior.
You headbutt the orc warrior, but do no damage.
The orc warrior is severely wounded.
You slash the scorpion! The scorpion stings you!
You die...

#.......#
#.#.#####
#.# #.#.#
#.# . #(#
#.# ## #.#
#.# #.# #.#
#.# #.#
#.#######s#
#.......o@#
###########


You could see an orc warrior and a scorpion.

Vanquished Creatures
  2 phantoms (D:5)
  2 ogres (D:5)
  A scorpion (D:5)
  4 wights (D:5)
  A crimson imp (D:6)
  An orc priest (D:3)
  A bullfrog skeleton (D:4)
  A jelly (D:5)
  8 orc wizards
  3 worker ants
  2 iguanas (D:4)
  A worker ant zombie (D:5)
  6 adders
  An adder skeleton (D:5)
  2 worms
  A dart slug (D:1)
  4 leopard geckos
  28 orcs
  A ball python (D:5)
  5 bats
  21 giant cockroaches
  8 goblins
  6 hobgoblins
  6 kobolds
  3 quokkas
  6 frilled lizards
  5 rats
130 creatures vanquished.

Vanquished Creatures (collateral kills)
  An orc wizard (D:6)
  A bullfrog skeleton (D:6)
  A shadow imp (D:6)
3 creatures vanquished.

Grand Total: 133 creatures vanquished

Notes
Turn   | Place    | Note
-------+----------+-------------------------------------------
     0 | D:1      | equalderp2856 the Minotaur Fighter began the quest for the Orb.
     0 | D:1      | Reached XP level 1. HP: 19/19 MP: 0/0
   114 | D:1      | Reached XP level 2. HP: 20/27 MP: 1/1
   834 | D:2      | Found a glowing silver altar of Zin.
   949 | D:2      | Reached skill level 3 in Axes
   967 | D:2      | Reached XP level 3. HP: 33/33 MP: 2/2
  1007 | D:2      | Found a hide-covered altar of Uskayaw.
  1025 | D:2      | Found a glowing golden altar of the Shining One.
  1445 | D:3      | Reached XP level 4. HP: 37/40 MP: 3/3
  1674 | D:3      | Reached skill level 4 in Axes
  1684 | D:3      | Reached XP level 5. HP: 32/46 MP: 4/4
  1812 | D:3      | Reached skill level 5 in Axes
  1928 | D:3      | Found a burning altar of Makhleb.
  1928 | D:3      | Noticed a green death
  1931 | D:3      | Noticed a hellwing
  1931 | D:3      | Noticed an orange demon
  1949 | D:3      | Reached skill level 1 in Dodging
  2007 | D:3      | Found a sparkling altar of Nemelex Xobeh.
  2362 | D:4      | Reached XP level 6. HP: 47/53 MP: 5/5
  2608 | D:4      | Reached skill level 6 in Axes
  2608 | D:4      | Reached skill level 5 in Shields
  2870 | D:5      | Entered Level 5 of the Dungeon
  2889 | D:5      | Reached XP level 7. HP: 22/60 MP: 6/6
  3189 | D:5      | Found Oreidas's Food Shop.
  3241 | D:5      | Found a staircase to the Ecumenical Temple.
  3277 | D:5      | Reached skill level 7 in Axes
  3345 | D:5      | Reached skill level 5 in Fighting
  3345 | D:5      | Reached skill level 5 in Armour
  3404 | D:5      | Found a bloodstained altar of Trog.
  3952 | D:5      | Reached XP level 8. HP: 68/68 MP: 7/7
  5022 | D:6      | Reached skill level 8 in Axes
  5079 | D:6      | Reached skill level 1 in Polearms
  5162 | D:6      | Slain by a scorpion

Skill      XL: |  1  2  3  4  5  6  7  8 |
---------------+-------------------------+-----
Shields        | 4 5 6 |  6.4
Armour         | 4 5 6 |  6.4
Axes           | 3 4 5 6 7 8 |  8.0
Fighting       | 4 5 |  5.3
Dodging        | 1 2 |  2.4
Polearms       | 1 |  1.2
Stealth        | |  0.8

Action                   |  1- 3 |  4- 6 |  7- 9 || total
-------------------------+-------+-------+-------++-------
Melee: War axe           |    94 |   147 |   133 ||   374
       Headbutt          |    16 |    29 |    36 ||    81
       Trident           |       |       |    10 ||    10
Evoke: Wand              |       |       |     4 ||     4
  Use: Potion            |       |     1 |     1 ||     2
  Eat: Chunk             |     1 |     5 |     7 ||    13
Armor: Scale mail        |    35 |    75 |    49 ||   159
Dodge: Dodged            |    36 |    45 |    33 ||   114
Block: Shield            |    49 |    86 |    62 ||   197
